 Dungeon Crawl Stone Soup version 0.30.0-20-g3615ddf2f0 (webtiles) character file.

Game seed: 6419771469030149333

2277 qw the Cleaver (level 9, 0/55 HPs)
             Began as a Gargoyle Fighter on June 1, 2023.
             Was an Initiate of Okawaru.
             Slain by a killer bee (3 damage)
             ... on level 7 of the Dungeon.
             The game lasted 00:02:33 (6146 turns).

qw the Cleaver (Gargoyle Fighter)                   Turns: 6146, Time: 00:02:33

Health: 0/55       AC: 19    Str: 22 (24) XL:     9   Next: 39%
Magic:  9/9        EV:  8    Int:  8 (9)  God:    Okawaru [......]
Gold:   377        SH:  4    Dex:  7 (9)  Spells: 8/8 levels left

rFire   . . .        Y - +3 war axe
rCold   + . .        c - +0 buckler
rNeg    + . .        m - +0 chain mail
rPois   inf          (no helmet)
rElec   +            (no cloak)
rCorr   .            h - +2 pair of gloves
SInv    .            (no boots)
Will    .....        (no amulet) Stlth
                     b - ring of protection from cold
HPRegen 0.29/turn    (no ring)
MPRegen 0.11/turn

%: no passive effects
@: no status effects
A: sickness immunity, AC +6, negative energy resistance 1, electricity
resistance, torment resistance 1, petrification resistance
a: Renounce Religion


You were on level 7 of the Dungeon.
You worshipped Okawaru.
Okawaru was noncommittal.
You visited 2 branches of the dungeon, and saw 8 of its levels.

You collected 377 gold pieces.


Innate Abilities, Weirdness & Mutations

You are immune to sickness and miasma.
Your stone body is resilient. (AC +6)
You are immune to poison.
You resist negative energy. (rN+)
You are resistant to electric shocks. (rElec)
You are resistant to unholy torment.
You are immune to petrification.


   Skills:
 + Level 6.1 Fighting
 - Level 9.2 Axes
 - Level 2.2 Throwing
 - Level 4.3 Armour
 - Level 1.7 Dodging
 - Level 4.6 Shields


You had 8 spell levels left.
You didn't know any spells.
Your spell library was empty.

Inventory:

Hand Weapons
 i - a +1 morningstar of protection
 Y - a +3 war axe (weapon)
Missiles
 e - 4 boomerangs (quivered)
Armour
 c - a +0 buckler (worn)
 h - a +2 pair of gloves (worn)
 m - a +0 chain mail (worn)
Jewellery
 b - a ring of protection from cold (left hand)
Scrolls
 a - a scroll of identify
 k - a scroll of teleportation
Potions
 d - a potion of might
 g - a potion of resistance
 j - 5 potions of curing
 l - a potion of cancellation {unknown}
 o - a potion of ambrosia {unknown}
 p - a potion of berserk rage {unknown}
 q - a potion of haste
 r - 2 potions of heal wounds
 s - a potion of mutation {unknown}

Dungeon Overview and Level Annotations

Branches:
Dungeon (7/15)             Temple (1/1) D:6

Altars:
Ashenzari
Cheibriados
Elyvilon
Fedhas
Hepliaklqana
Makhleb
Nemelex Xobeh
Okawaru
Ru
Uskayaw
Vehumet
Yredelemnul
The Shining One

Annotations:
D:4 2 runed translucent doors, 2 transporters, qw's ghost, novice GrFi


Message History

You closely miss the killer bee. You barely miss the killer bee. x2
The killer bee stings you but does no damage.
The killer bee stings you.
The killer bee stings you but does no damage.
The killer bee stings you. x2
You slash the killer bee!
The killer bee is almost dead.
You completely miss the killer bee. You miss the killer bee.
The killer bee stings you. x2; The killer bee barely misses you.
The killer bee stings you but does no damage. x4
You barely miss the killer bee.
The killer bee is almost dead.
You slash the killer bee! You barely miss the killer bee.
You hit the killer bee.
The killer bee barely misses you. x2; The killer bee closely misses you.
The killer bee stings you! The killer bee stings you.
The killer bee stings you but does no damage.
The killer bee barely misses you. x2
You closely miss the killer bee.
The killer bee is almost dead.
You miss the killer bee. x2
You hit the killer bee but do no damage.
The killer bee stings you but does no damage.
The killer bee stings you. The killer bee barely misses you.
The killer bee stings you but does no damage.
The killer bee barely misses you.
The killer bee stings you but does no damage.
The killer bee barely misses you. The killer bee stings you.
The killer bee closely misses you. You block the killer bee's attack. x2
The killer bee stings you but does no damage.
You barely miss the killer bee.
The killer bee is almost dead.
You closely miss the killer bee. You miss the killer bee.
You closely miss the killer bee. The killer bee closely misses you.
The killer bee stings you.
The killer bee stings you but does no damage.
The killer bee stings you.
The killer bee stings you but does no damage. x3
The killer bee stings you.
You die...

. # #. .# #.. ## # #
#.## #... .#. .. #..#
..... #.# #. ##..#
......#y## #...#.#
#.y@.#####.##.######
.....#yy..##.........<..
##. #..........##.#####.
#.#.####.####.# #. #.#.#
#.# #.## #. #.#.# #.#
#..# #. # #.# #.#
###.####. #.# #.#
#.....##. #.
#.###.....##.


You could see 4 killer bees.

Vanquished Creatures
  Pikel (D:5)
  Grinder (D:6)
  Sigmund (D:5)
  Eustachio (D:6)
  Menkaure (D:6)
  Edmund (D:5)
  A sky beast (D:6)
  An ice beast (D:5)
  An ogre (D:6)
  A lemure (D:5)
  Blork the orc (D:5)
  4 scorpions
  A bullfrog (D:6)
  A howler monkey (D:4)
  A hound (D:4)
  A jelly (D:5)
  A sleepcap (D:5)
  4 iguanas
  5 gnolls
  7 adders
  4 river rats (D:4)
  A white imp (D:5)
  3 dart slugs
  16 orcs
  8 endoplasms
  3 giant cockroaches
  8 hobgoblins
  3 jackals (D:1)
  7 kobolds
  A quokka (D:1)
  6 ball pythons
  5 bats
  5 frilled lizards
  10 goblins
  8 rats
124 creatures vanquished.

Notes
Turn   | Place    | Note
-------+----------+-------------------------------------------
     0 | D:1      | qw the Gargoyle Fighter began the quest for the Orb.
     0 | D:1      | Reached XP level 1. HP: 14/14 MP: 1/1
     0 | D:1      | 0 ||| qw: Version: 0.2-a-102-gdf20003
     0 | D:1      | 0 ||| qw: Game counter: 766
     0 | D:1      | 0 ||| qw: Always use a shield: true
     0 | D:1      | 0 ||| qw: God list: Okawaru
     0 | D:1      | 0 ||| qw: Allow faded altars: false
     0 | D:1      | 0 ||| qw: Do Orc after D:15 true
     0 | D:1      | 0 ||| qw: Do second Lair branch before Depths: true
     0 | D:1      | 0 ||| qw: Lair rune preference: random
     0 | D:1      | 0 ||| qw: Plans: Normal, Zot:1-4, Slime:5, God:TSO, Crypt,
                  | Tomb, Pan, Hells, Abyss, Win
     0 | D:1      | 0 ||| PLANNING D:1-11
    38 | D:1      | Reached skill level 2 in Axes
   140 | D:1      | Reached XP level 2. HP: 19/19 MP: 2/2
   406 | D:1      | Reached skill level 3 in Axes
   548 | D:1      | Reached XP level 3. HP: 23/23 MP: 3/3
   627 | D:1      | 627 ||| Stepping ~*~*~tactically~*~*~ (stealth).
   628 | D:1      | 628 ||| Stepping ~*~*~tactically~*~*~ (stealth).
   658 | D:1      | 658 ||| Stepping ~*~*~tactically~*~*~ (hiding).
   927 | D:1      | Found a faded altar of an unknown god.
   933 | D:1      | 933 ||| UPGRADING to +0 pair of gloves.
   938 | D:1      | 938 ||| READING 2 scrolls labelled LULISTR ZEKAT.
   939 | D:1      | 939 ||| READING scroll labelled RYNOSO CAWIGOT.
   940 | D:1      | 940 ||| READING scroll labelled YTHYUX MATHANN.
   941 | D:1      | 941 ||| READING scroll labelled ICHULO ZUYNIL.
   942 | D:1      | 942 ||| READING scroll labelled RIEXUIKUUL.
   943 | D:1      | 943 ||| READING scroll labelled GOJEGUNARY.
   946 | D:1      | 946 ||| READING scroll labelled MEXAPP HOIKUENEN.
   947 | D:1      | 947 ||| DRINKING 2 blue potions.
  1178 | D:2      | 1178 ||| Stepping ~*~*~tactically~*~*~ (hiding).
  1189 | D:2      | Reached XP level 4. HP: 28/28 MP: 4/4
  1231 | D:2      | Reached skill level 4 in Axes
  1723 | D:2      | 1723 ||| READING 3 scrolls labelled WENUOZXINE.
  1724 | D:2      | 1724 ||| READING 2 scrolls of enchant weapon.
  1724 | D:2      | 1724 ||| ENCHANTING +1 war axe.
  1725 | D:2      | 1725 ||| READING scroll of enchant weapon.
  1725 | D:2      | 1725 ||| ENCHANTING +2 war axe.
  1726 | D:2      | 1726 ||| DRINKING 2 yellow potions.
  1754 | D:3      | 1754 ||| STAIRDANCE
  1786 | D:3      | Reached XP level 5. HP: 14/32 MP: 5/5
  1861 | D:3      | 1861 ||| DROPPING +0 club.
  1865 | D:3      | 1865 ||| READING scroll of enchant armour.
  1865 | D:3      | 1865 ||| ENCHANTING +0 pair of gloves.
  1906 | D:3      | 1906 ||| Stepping ~*~*~tactically~*~*~ (stealth).
  2261 | D:3      | 2261 ||| Stepping ~*~*~tactically~*~*~ (hiding).
  2262 | D:3      | 2262 ||| Stepping ~*~*~tactically~*~*~ (hiding).
  2487 | D:3      | Found a sparkling altar of Nemelex Xobeh.
  2768 | D:3      | 2768 ||| UPGRADING to +0 chain mail.
  2778 | D:3      | 2778 ||| DROPPING +0 scale mail.
  2779 | D:3      | 2779 ||| READING scroll labelled USOLU FAYRUHU.
  2792 | D:4      | 2792 ||| PLANNING SEWER
  2796 | D:4      | 2796 ||| Stepping ~*~*~tactically~*~*~ (hiding).
  2797 | D:4      | 2797 ||| Stepping ~*~*~tactically~*~*~ (hiding).
  2799 | D:4      | 2799 ||| Stepping ~*~*~tactically~*~*~ (hiding).
  2929 | D:4      | Reached skill level 5 in Axes
  2983 | D:4      | Reached XP level 6. HP: 33/39 MP: 6/6
  3063 | D:4      | Found a large runed translucent door.
  3071 | D:4      | Found a large runed translucent door.
  3092 | D:4      | Found a transporter.
  3092 | D:4      | Noticed qw's ghost (novice GrFi)
  3104 | D:4      | Found a transporter.
  3143 | D:4      | 3143 ||| Stepping ~*~*~tactically~*~*~ (stealth).
  3394 | D:4      | 3394 ||| RIP SEWER
  3433 | D:4      | 3433 ||| PLANNING D:1-11
  3688 | D:4      | 3688 ||| UPGRADING to ring of protection from cold.
  3689 | D:4      | 3689 ||| DRINKING 3 silvery potions.
  3690 | D:4      | 3690 ||| READING 2 scrolls of identify.
  3690 | D:4      | 3690 ||| IDENTIFYING murky amethyst potion
  3691 | D:4      | 3691 ||| DROPPING 2 potions of flight.
  3702 | D:5      | Entered Level 5 of the Dungeon
  3709 | D:5      | 3709 ||| Stepping ~*~*~tactically~*~*~ (stealth).
  3864 | D:5      | 3864 ||| READING scroll of enchant armour.
  3864 | D:5      | 3864 ||| ENCHANTING +1 pair of gloves.
  3879 | D:5      | Reached skill level 6 in Axes
  3926 | D:5      | Reached XP level 7. HP: 44/44 MP: 7/7
  3979 | D:5      | Reached skill level 1 in Dodging
  4038 | D:5      | Noticed Blork the orc
  4049 | D:5      | Killed Blork the orc
  4054 | D:5      | 4054 ||| FLEEEEING.
  4169 | D:5      | Noticed Edmund
  4171 | D:5      | Noticed Pikel
  4188 | D:5      | HP: 10/44 [lemure[Pikel] (3)]
  4188 | D:5      | HP: 4/44 [Pikel/+2 whip of freezing (1)]
  4189 | D:5      | 4189 ||| READING scroll of teleportation.
  4190 | D:5      | 4190 ||| DRINKING potion of heal wounds.
  4329 | D:5      | Noticed Sigmund
  4330 | D:5      | 4330 ||| Stepping ~*~*~tactically~*~*~ (hiding).
  4341 | D:5      | Killed Sigmund
  4342 | D:5      | Reached skill level 7 in Axes
  4342 | D:5      | Reached XP level 8. HP: 48/48 MP: 8/8
  4568 | D:5      | 4568 ||| Stepping ~*~*~tactically~*~*~ (stealth).
  4581 | D:5      | Killed Edmund
  4596 | D:5      | 4596 ||| DROPPING +0 flail.
  4703 | D:5      | Killed Pikel
  4704 | D:5      | Reached skill level 8 in Axes
  4884 | D:5      | 4884 ||| READING scroll labelled WAJ BECOXEJIZ.
  4985 | D:5      | 4985 ||| READING scroll labelled POEKUNA EFFIU.
  4986 | D:5      | 4986 ||| DRINKING 2 fuming yellow potions.
  5083 | D:6      | Reached skill level 6 in Fighting
  5083 | D:6      | Reached XP level 9. HP: 55/55 MP: 9/9
  5186 | D:6      | Noticed Eustachio
  5193 | D:6      | Killed Eustachio
  5194 | D:6      | Reached skill level 9 in Axes
  5270 | D:6      | 5270 ||| Stepping ~*~*~tactically~*~*~ (stealth).
  5351 | D:6      | Found a staircase to the Ecumenical Temple.
  5352 | D:6      | 5352 ||| PLANNING TEMPLE
  5352 | D:6      | 5352 ||| READING scroll labelled GAHAUN WUGATU.
  5353 | D:6      | 5353 ||| READING 2 scrolls of identify.
  5353 | D:6      | 5353 ||| IDENTIFYING murky white potion
  5354 | D:6      | 5354 ||| DROPPING potion of brilliance.
  5363 | Temple   | Entered the Ecumenical Temple
  5364 | Temple   | 5364 ||| PLANNING OKAWARU WORSHIP
  5402 | Temple   | Became a worshipper of Warmaster Okawaru
  5402 | Temple   | 5402 ||| PLANNING D:1-11
  5454 | D:6      | Noticed Menkaure
  5455 | D:6      | 5455 ||| Stepping ~*~*~tactically~*~*~ (hiding).
  5459 | D:6      | 5459 ||| Stepping ~*~*~tactically~*~*~ (hiding).
  5464 | D:6      | Killed Menkaure
  5721 | D:6      | 5721 ||| DROPPING +1 flail of draining.
  6041 | D:6      | Noticed Grinder
  6042 | D:6      | Paralysed by Grinder for 5 turns
  6055 | D:6      | Paralysed by Grinder for 2 turns
  6063 | D:6      | Killed Grinder
  6078 | D:6      | 6078 ||| DROPPING +1 pair of gloves.
  6079 | D:6      | 6079 ||| DRINKING 2 sapphire potions.
  6080 | D:6      | 6080 ||| DROPPING potion of degeneration.
  6146 | D:7      | HP: 8/55 [killer bee (6)]
  6146 | D:7      | HP: 3/55 [killer bee (5)]
  6146 | D:7      | Slain by a killer bee

Levels and vault maps discovered:
D:1:      psy_arrival_dodecagon, layout_loops_ring, serial_aquarium,
          aquarium_bridge_long_joined [aquarium_subvault_bridge,
          aquarium_subvault_wall, aquarium_subvault_bridge,
          aquarium_subvault_window, aquarium_subvault_wall,
          aquarium_subvault_wall], aquarium_bridge_square
          [aquarium_subvault_bridge, aquarium_subvault_wall,
          aquarium_subvault_balcony, aquarium_subvault_bridge],
          aquarium_window_corner, aquarium_window_1, aquarium_view_2d,
          aquarium_balcony_1b, aquarium_pool_2,
          shapermc_ecumenical_altar_hornbeckon
D:2:      cheibrodos_greedy_goblins, layout_basic
D:3:      layout_basic, lemuel_doored_altar
D:4:      layout_loops_ring, jmf_multi_god_temple2, gammafunk_ghost_arena,
          lightli_sewer_entry_pipes
D:5:      layout_basic, uniq_pikel, uniq_blork_the_orc, uniq_edmund,
          uniq_sigmund
D:6:      layout_loops_corners, minmay_temple_entry_statues_fountains,
          kennysheep_nub, uniq_grinder, uniq_eustachio, uniq_menkaure
D:7:      layout_loops_ring, grunt_gozag_breadcrumbs, tgw_kikubaaqudgha,
          serial_shops, shop, minmay_manual_mares
Temple:   nicolae_temple_ecumenical_triangle

Skill      XL: |  1  2  3  4  5  6  7  8  9 |
---------------+----------------------------+-----
Axes           | 2 3 4 5 6 7 8 9 |  9.2
Fighting       | 4 6 |  6.1
Dodging        | 1 |  1.7
Throwing       | 2 |  2.2
Armour         | 4 |  4.3
Shields        | 4 |  4.6

Action                     |  1- 3 |  4- 6 |  7- 9 || total
---------------------------+-------+-------+-------++-------
  Melee: War axe           |    80 |   152 |   135 ||   367
  Throw: Boomerang         |    37 |    68 |    28 ||   133
    Use: Scroll            |     7 |     7 |     5 ||    19
         Potion            |     1 |     2 |     3 ||     6
 Armour: Scale mail        |    41 |    33 |       ||    74
         Chain mail        |       |    50 |   102 ||   152
  Dodge: Dodged            |    34 |    66 |    68 ||   168
  Block: Buckler           |    14 |    28 |    22 ||    64

Table legend:
 A = Non-vault XP
 B = Vault XP
 C = Vault XP percentage of total XP
 D = Non-vault monster count
 E = Vault monster count
 F = Vault count percentage of total count
                 A         B        C        D         E       F
            +---------+---------+-------+---------+---------+-------
      Total |    1427 |    1827 |  56.1 |     102 |      21 |  17.1
            +---------+---------+-------+---------+---------+-------
        D:1 |      62 |       0 |   0.0 |      26 |       0 |   0.0
        D:2 |      44 |       8 |  15.4 |      19 |       4 |  17.4
        D:3 |      91 |       0 |   0.0 |      18 |       0 |   0.0
        D:4 |     214 |      82 |  27.7 |      17 |      10 |  37.0
        D:5 |     559 |    1074 |  65.8 |      16 |       4 |  20.0
        D:6 |     457 |     663 |  59.2 |       6 |       3 |  33.3
            +---------+---------+-------+---------+---------+-------
